 Dungeon Crawl Stone Soup version 0.31.0 (webtiles) character file.

Game seed: 15929179649846468337

37 qw the Shooter (level 3, -2/21 HPs)
             Began as a Gargoyle Hunter on Jan 19, 2024.
             Slain by a hobgoblin (4 damage)
             ... led by Robin
             ... on level 2 of the Dungeon.
             The game lasted 00:00:03 (955 turns).

qw the Shooter (Gargoyle Hunter)                     Turns: 955, Time: 00:00:03

Health: -2/21      AC:  8    Str: 14    XL:     3   Next: 41%
Magic:  3/3        EV: 10    Int:  9    God:
Gold:   45         SH:  0    Dex: 15    Spells: 2/2 levels left

rFire   . . .        a - +0 shortbow
rCold   . . .        (shield currently unavailable)
rNeg    + . .        f - +0 ring mail
rPois   inf          (no helmet)
rElec   +            (no cloak)
rCorr   .            (no gloves)
SInv    .            (no boots)
Will    .....        (no amulet)
Stlth   +            (no ring)
HPRegen 0.23/turn    (no ring)
MPRegen 0.08/turn

%: no passive effects
@: no status effects
A: sickness immunity, AC +3, negative energy resistance 1, electricity
resistance, torment resistance 1, petrification resistance
a: no special abilities


You were on level 2 of the Dungeon.
You visited 1 branch of the dungeon, and saw 2 of its levels.

You collected 45 gold pieces.


Innate Abilities, Weirdness & Mutations

You are immune to sickness and miasma.
Your stone body is resilient. (AC +3)
You are immune to poison.
You resist negative energy. (rN+)
You are resistant to electric shocks. (rElec)
You are resistant to unholy torment.
You are immune to petrification.


   Skills:
 + Level 2.1 Fighting
 - Level 5.0 Ranged Weapons
 - Level 1.0 Armour
 - Level 1.5 Dodging
 - Level 1.1 Stealth


You had 2 spell levels left.
You didn't know any spells.
Your spell library was empty.

Inventory:

Hand Weapons
 a - a +0 shortbow (weapon)
Armour
 f - a +0 ring mail (worn)
Potions
 c - a potion of degeneration {unknown}
 d - a potion of heal wounds {unknown}
 e - a potion of magic {unknown}
 g - a potion of berserk rage {unknown}
 h - 2 potions of curing
 i - a potion of resistance {unknown}
 j - a potion of haste {unknown}

Dungeon Overview and Level Annotations

Branches:
Dungeon (2/15)

Altars:

Annotations:
D:2 Robin


Message History

You kill the hobgoblin!
You hear a shout!
The hobgoblin hits you but does no damage.
The rat misses you.
You shoot an arrow. The arrow closely misses the rat.
The arrow hits the goblin.
You kill the goblin!
The hobgoblin barely misses you. The rat bites you but does no damage.
Robin of the Strong Arm comes into view.
They are wielding a +0 whip.
You shoot an arrow. The arrow hits the rat.
You kill the rat!
The hobgoblin barely misses you. Robin throws the goblin at you!
You shoot an arrow. The arrow barely misses the goblin.
The arrow hits the goblin!
You kill the goblin!
The hobgoblin hits you but does no damage.
The goblin hits you with a +0 club. The goblin hits you with a +0 dagger.
The hobgoblin hits you but does no damage.
The goblin hits you but does no damage. x2; Robin throws the goblin at you!
The goblin hits you with a club.
You shoot an arrow. The arrow hits the goblin.
You kill the goblin!
The goblin barely misses you. The hobgoblin closely misses you.
The goblin hits you but does no damage.
Your Ranged Weapons skill increases to level 5!
You shoot an arrow. The arrow barely misses the goblin.
The hobgoblin hits you but does no damage.
The goblin barely misses you.
The goblin hits you but does no damage. x2
You shoot an arrow. The arrow closely misses the goblin.
The hobgoblin closely misses you.
The goblin hits you but does no damage. x3
You shoot an arrow.
The arrow hits the goblin but does no damage.
The hobgoblin hits you but does no damage.
The goblin hits you but does no damage. The goblin barely misses you.
The goblin hits you with a +0 club.
The hobgoblin hits you but does no damage.
The goblin hits you with a +0 club. The goblin misses you.
The goblin hits you with a +0 club.
You shoot an arrow. The arrow barely misses the goblin.
The goblin hits you but does no damage. The hobgoblin hits you.
You die...

#...#..# .#)).#.# .#
.# ##.###.# .# .#
###.##.# .#..
.......# .#.##
#.#.#.## ....#
#.#...# g).
#.###############g#.#
#...............@g..#
................gg###
###################


You could see Robin, a hobgoblin and 3 goblins.

Vanquished Creatures
  A dart slug (D:2)
  4 endoplasms
  5 giant cockroaches
  7 goblins
  3 hobgoblins
  2 quokkas (D:1)
  3 ball pythons (D:2)
  2 frilled lizards (D:2)
  A kobold (D:2)
  2 rats
30 creatures vanquished.

Notes
Turn   | Place    | Note
-------+----------+-------------------------------------------
     0 | D:1      | qw the Gargoyle Hunter began the quest for the Orb.
     0 | D:1      | Reached XP level 1. HP: 12/12 MP: 1/1
     0 | D:1      | 0 ||| qw: Version: 0.3-a-132-g3d54051
     0 | D:1      | 0 ||| qw: Game counter: 355
     0 | D:1      | 0 ||| qw: Melee chars always use a shield: true
     0 | D:1      | 0 ||| qw: God list: Okawaru
     0 | D:1      | 0 ||| qw: Allow faded altars: false
     0 | D:1      | 0 ||| qw: Do Orc after clearing Dungeon:15 true
     0 | D:1      | 0 ||| qw: Do second Lair branch before Depths: true
     0 | D:1      | 0 ||| qw: Lair rune preference: random
     0 | D:1      | 0 ||| qw: Goals: Normal
     0 | D:1      | 0 ||| PLANNING D:1-11
   114 | D:1      | Reached XP level 2. HP: 17/17 MP: 2/2
   658 | D:1      | 658 ||| UPGRADING to +0 ring mail.
   668 | D:1      | 668 ||| DROPPING +0 leather armour.
   669 | D:1      | 669 ||| DRINKING 3 puce potions.
   670 | D:1      | 670 ||| DROPPING scroll of butterflies.
   754 | D:2      | Reached XP level 3. HP: 21/21 MP: 3/3
   871 | D:2      | Reached skill level 1 in Armour
   883 | D:2      | 883 ||| READING scroll labelled ZEUNI MESK.
   948 | D:2      | Noticed Robin
   952 | D:2      | Reached skill level 5 in Ranged Weapons
   954 | D:2      | HP: 2/21 [goblin/+0 club[Robin] (4)]
   955 | D:2      | Slain by a hobgoblin

Levels and vault maps discovered:
D:1:      shiori_arrival_oz, layout_basic, kennysheep_another_room,
          minmay_worlds_worst_comb
D:2:      layout_basic, minmay_pentomino_p4, uniq_robin

Skill      XL: |  1  2  3 |
---------------+----------+-----
Armour         | 1 |  1.0
Ranged Weapons | 5 |  5.0
Fighting       | |  2.1
Dodging        | |  1.5
Stealth        | |  1.1

Action                     || total
---------------------------++-------
   Fire: Shortbow          ||    73
    Use: Potion            ||     1
         Scroll            ||     1
 Armour: Leather armour    ||     9
         Ring mail         ||    32
  Dodge: Dodged            ||    29

Table legend:
 A = Non-vault XP
 B = Vault XP
 C = Vault XP percentage of total XP
 D = Non-vault monster count
 E = Vault monster count
 F = Vault count percentage of total count
                 A         B        C        D         E       F
            +---------+---------+-------+---------+---------+-------
      Total |      35 |      19 |  35.2 |      20 |      10 |  33.3
            +---------+---------+-------+---------+---------+-------
        D:1 |      19 |      10 |  34.5 |      10 |       5 |  33.3
        D:2 |      16 |       9 |  36.0 |      10 |       5 |  33.3
            +---------+---------+-------+---------+---------+-------
